 Dungeon Crawl Stone Soup version 0.27.1-34-g3ba077fa99 (webtiles) character file.

Game seed: 6207097643996717549

557 lonewolfV2 the Shield-Bearer (level 7, -2/60 HPs)
             Began as a Minotaur Fighter on Jan 18, 2022.
             Slain by a gnoll (4 damage)
             ... on level 5 of the Dungeon.
             The game lasted 00:06:18 (4912 turns).

lonewolfV2 the Shield-Bearer (Minotaur Fighter)     Turns: 4912, Time: 00:06:19

Health: -2/60      AC:  7    Str: 28    XL:     7   Next: 9%
Magic:  15/15      EV:  9    Int:  5    God:
Gold:   211        SH: 12    Dex: 10    Spells: 6/6 levels left

rFire    . . .     SeeInvis .   g - +4 spear
rCold    . . .     Faith    .   c - +1 kite shield
rNeg     . . .     Spirit   .   b - +0 scale mail
rPois    .         Reflect  .   (helmet restricted)
rElec    .         Harm     .   (no cloak)
rCorr    .         Rampage  .   (no gloves)
Will     .....                  (no boots)
Stlth    ..........             (no amulet)
HPRegen  0.20/turn              e - ring of magical power
MPRegen  0.14/turn              i - +6 ring of strength

@: mighty
A: horns 2, retaliatory headbutt
a: no special abilities


You were on level 5 of the Dungeon.
You visited 1 branch of the dungeon, and saw 5 of its levels.

You collected 211 gold pieces.

Inventory:

Hand Weapons
 a - a +0 war axe
 g - a +4 spear (weapon)
Armour
 b - a +0 scale mail (worn)
 c - a +1 kite shield (worn)
Jewellery
 e - a ring of magical power (left hand)
 i - a +6 ring of strength (right hand)
Scrolls
 f - 2 scrolls of identify
 j - 2 scrolls of amnesia
 k - a scroll of magic mapping
 l - a scroll of teleportation
Potions
 h - 2 potions of berserk rage
 m - a potion of invisibility


   Skills:
 + Level 4.6 Fighting
 + Level 3.9(4.4) Axes
 + Level 3.1(4.1) Polearms
 + Level 5.5 Armour
 + Level 2.2 Dodging
 + Level 0.4 Stealth
 + Level 6.1 Shields


You had 6 spell levels left.
You didn't know any spells.
Your spell library was empty.

Dungeon Overview and Level Annotations

Branches:
Dungeon (5/15)
 Temple: D:4-7

Altars:
Elyvilon


Innate Abilities, Weirdness & Mutations

You have a pair of horns on your head.
You reflexively headbutt those who attack you in melee.


Message History

You reach to attack!
You hit the gnoll.
The gnoll is almost dead.
The gnoll hits you from afar with a +0 spear of pain!
You block the gnoll's attack.
The gnoll hits you from afar with a +0 halberd!
Found a stone staircase leading up.
You block the gnoll's attack. The gnoll barely misses you. x2
You puncture the gnoll! Your headbutt misses the gnoll.
The gnoll is severely wounded.
The gnoll hits you but does no damage.
You writhe in agony.
The gnoll hits you with a +0 halberd.
* * * LOW HITPOINT WARNING * * *
The gnoll closely misses you.
You barely miss the gnoll. Your headbutt misses the gnoll.
The gnoll is severely wounded.
The gnoll hits you from afar with a +0 spear of pain.
* * * LOW HITPOINT WARNING * * *
You writhe in agony.
* * * LOW HITPOINT WARNING * * *
The gnoll hits you with a +0 halberd.
* * * LOW HITPOINT WARNING * * *
You block the gnoll's attack.
You feel very mighty all of a sudden.
The gnoll hits you from afar with a +0 spear of pain.
* * * LOW HITPOINT WARNING * * *
You writhe in agony.
* * * LOW HITPOINT WARNING * * *
The gnoll closely misses you. You block the gnoll's attack.
You puncture the gnoll!
You kill the gnoll!
The gnoll closely misses you. The gnoll hits you but does no damage.
You block the gnoll's attack. The gnoll barely misses you.
You furiously retaliate!
You headbutt the gnoll!
You kill the gnoll!
Things that are here:
a +0 halberd; a gnoll corpse You block the gnoll's attack.
The gnoll barely misses you.
The gnoll hits you from afar with a +0 spear of pain.
You die...

#.........# #.........#
....# #.........# ....#
#.........# .....#
#.........# .....#
#.........#####..<..#
#####.###.............#
........+.....(.......#
.....#..#......)@.....#
.....#..#......)......#
.....#..#####+#g......#
.....'..#.....+.......#
.....#..#.....#.......#
######..##....#.......#
#......†##....#.......#
#.......'.....#.......#
+.......#.....#


You could see a gnoll.

Vanquished Creatures
  An ogre (D:3)
  A necrophage (D:4)
  A scorpion (D:4)
  2 hounds
  A gnoll shaman (D:4)
  An iguana (D:3)
  5 gnolls
  9 adders
  An ufetubus (D:4)
  4 dart slugs
  3 orcs
  7 ball pythons
  8 bats
  8 endoplasms
  3 giant cockroaches
  5 goblins
  6 hobgoblins
  11 kobolds
  A quokka (D:2)
  4 frilled lizards
  5 rats
87 creatures vanquished.

Notes
Turn   | Place    | Note
-------+----------+-------------------------------------------
     0 | D:1      | lonewolfV2 the Minotaur Fighter began the quest for the
                  | Orb.
     0 | D:1      | Reached XP level 1. HP: 19/19 MP: 0/0
   298 | D:1      | Reached skill level 4 in Shields
   298 | D:1      | Reached XP level 2. HP: 23/27 MP: 1/1
   913 | D:1      | Reached XP level 3. HP: 33/33 MP: 2/2
  1146 | D:2      | Found a faded altar of an unknown god.
  1597 | D:3      | Reached XP level 4. HP: 40/40 MP: 3/3
  1708 | D:3      | Noticed an ogre
  1715 | D:3      | Killed an ogre
  1716 | D:3      | Reached skill level 1 in Dodging
  1716 | D:3      | Reached skill level 5 in Shields
  1716 | D:3      | Reached XP level 5. HP: 13/46 MP: 4/4
  2200 | D:3      | Reached skill level 1 in Polearms
  2845 | D:4      | Reached XP level 6. HP: 25/53 MP: 5/5
  3396 | D:4      | Reached skill level 5 in Armour
  3454 | D:4      | Found a white marble altar of Elyvilon.
  4527 | D:5      | Entered Level 5 of the Dungeon
  4834 | D:5      | Reached skill level 6 in Shields
  4834 | D:5      | Reached XP level 7. HP: 59/60 MP: 6/6
  4906 | D:5      | HP: 3/60 [gnoll (4)]
  4907 | D:5      | HP: 1/60 [gnoll (1)]
  4912 | D:5      | Slain by a gnoll

Illustrated notes

Levels and vault maps discovered:
D:1:      sevenhm_arrival_forest_fort_small_5, layout_basic, glass_columns_b,
          wander_ebering_terrifying_dragon_lair
D:2:      layout_rooms, basic_ecumenical_altar, hangedman_decor_push,
          glass_columns_b, hangedman_decor_clover_reticule,
          grunt_decor_arrowhead
D:3:      layout_basic, st_stairs_7
D:4:      layout_loops_corners, elyvilon_altar_4, serial_rivers,
          chequers_serial_rivers_micro_e, chequers_serial_rivers_small_b,
          chequers_serial_rivers_room_b, chequers_serial_rivers_room_a
D:5:      layout_gridville, chequers_jeans, uniq_edmund

Skill      XL: |  1  2  3  4  5  6 |
---------------+-------------------+-----
Shields        | 4 5 6 |  6.1
Armour         | 4 5 |  5.5
Fighting       | 4 |  4.6
Axes           | 3 |  3.9
Dodging        | 1 2 |  2.2
Polearms       | 1 3 |  3.1
Stealth        | |  0.4

Action                   |  1- 3 |  4- 6 |  7- 9 || total
-------------------------+-------+-------+-------++-------
Melee: War axe           |    66 |       |       ||    66
       Headbutt          |     5 |    22 |     1 ||    28
       Spear             |    15 |   122 |    17 ||   154
  Use: Scroll            |     5 |     5 |       ||    10
       Potion            |       |       |     1 ||     1
Armor: Scale mail        |    50 |    31 |     7 ||    88
Dodge: Dodged            |    51 |    41 |     9 ||   101
Block: Kite shield       |    81 |    85 |    14 ||   180
